| TOP OF THE 1ST |
|
Colorado Avalanche batting - Pitching for Houston Colt .45's : LHP Frank Vazquez
|
|
Pitching: LHP Frank Vazquez
|
|
|
Batting: RHB Rade Mamula
|
0-0: Ball 1-0: Ball 2-0: Called Strike 2-1: Fly out, F9 (Line Drive, 9S, EV 93.1 MPH)
|
|
Batting: RHB Chris Tatum
|
0-0: Ball 1-0: Swinging Strike 1-1: Ball 2-1: Ball 3-1: Called Strike 3-2: Fly out, F8 (Line Drive, 8RD, EV 104.4 MPH)
|
|
Batting: RHB Eric Delgado
|
0-0: Swinging Strike 0-1: Foul Ball, location: 2F 0-2: Strikes out swinging
|
| Top of the 1st over - 0 runs, 0 hits, 0 errors, 0 left on base; Colorado 0 - Houston 0 |
| BOTTOM OF THE 1ST |
|
Houston Colt .45's batting - Pitching for Colorado Avalanche : RHP Diego Arredondo
|
|
Pitching: RHP Diego Arredondo
|
|
|
Batting: LHB Bert Middleton
|
0-0: Called Strike 0-1: Ball 1-1: Called Strike 1-2: Foul Ball, location: 2F 1-2: Ball 2-2: Ball 3-2: Foul Ball, location: 2F 3-2: Strikes out swinging
|
|
Batting: RHB Patrick Pinault
|
0-0: Ball 1-0: Foul Ball, location: 2F 1-1: Ball 2-1: Reached on error, E3 (Groundball, 34, EV 93.8 MPH)
|
|
Batting: LHB Ryan Fridley
|
0-0: Called Strike 0-1: SINGLE (Groundball, 5D, EV 105.0 MPH) Patrick Pinault to second
|
|
Batting: LHB Vecdi Hodensack
|
0-0: Foul Ball, location: 2F 0-1: Called Strike 0-2: Ball 1-2: Strikes out looking
|
|
Batting: RHB Josh Reisner
|
0-0: Called Strike 0-1: Ball 1-1: Swinging Strike 1-2: Strikes out looking
|
| Bottom of the 1st over - 0 runs, 1 hit, 1 error, 2 left on base; Colorado 0 - Houston 0 |
| TOP OF THE 2ND |
|
Colorado Avalanche batting - Pitching for Houston Colt .45's : LHP Frank Vazquez
|
|
Batting: SHB Joan Coucieiro
|
0-0: Ball 1-0: Called Strike 1-1: Ball 2-1: Ball 3-1: Foul Ball, location: 2F 3-2: Ground out 6-3 (Groundball, 6, EV 86.9 MPH)
|
|
Batting: RHB Luis Mendoza
|
0-0: Ball 1-0: Swinging Strike 1-1: Swinging Strike 1-2: Strikes out swinging
|
|
Batting: LHB Brian Canny
|
0-0: Ball 1-0: Ground out 1-3 (Groundball, 25, EV 69.4 MPH)
|
| Top of the 2nd over - 0 runs, 0 hits, 0 errors, 0 left on base; Colorado 0 - Houston 0 |
| BOTTOM OF THE 2ND |
|
Houston Colt .45's batting - Pitching for Colorado Avalanche : RHP Diego Arredondo
|
|
Batting: RHB Tim Williams
|
0-0: Called Strike 0-1: Foul Ball, location: 2F 0-2: Strikes out swinging
|
|
Batting: RHB Jamie Walker
|
0-0: Ball 1-0: Foul Ball, location: 2F 1-1: Single, Error in OF, E7, batter to second base (Groundball, 56D, EV 107.5 MPH)
|
|
Batting: LHB Casper Significant
|
0-0: Swinging Strike 0-1: Reached on error, E4 (Groundball, 4, EV 81.9 MPH) Jamie Walker to third
|
|
Batting: RHB Kenny Beall
|
0-0: SINGLE (Groundball, 56D, EV 108.1 MPH) Jamie Walker scores Casper Significant to second
|
|
Batting: LHB Bert Middleton
|
0-0: Foul Ball, location: 2F 0-1: Called Strike 0-2: SINGLE (Line Drive, 56D, EV 109.4 MPH) Casper Significant to third Kenny Beall to second
|
|
Batting: RHB Patrick Pinault
|
0-0: Called Strike 0-1: Called Strike 0-2: Strikes out swinging
|
|
Batting: LHB Ryan Fridley
|
0-0: Ball 1-0: Swinging Strike 1-1: Called Strike 1-2: Ball 2-2: Ball 3-2: SINGLE (Line Drive, 78M, EV 97.5 MPH) Casper Significant scores Kenny Beall to third Bert Middleton to second Kenny Beall scores Bert Middleton to third
|
|
Batting: LHB Vecdi Hodensack
|
0-0: Ball 1-0: Ball 2-0: Fly out, F8 (Flyball, 8RM, EV 87.5 MPH)
|
| Bottom of the 2nd over - 3 runs, 4 hits, 2 errors, 2 left on base; Colorado 0 - Houston 3 |
| TOP OF THE 3RD |
|
Colorado Avalanche batting - Pitching for Houston Colt .45's : LHP Frank Vazquez
|
|
Batting: RHB Alex Valadez
|
0-0: Called Strike 0-1: Ball 1-1: Ball 2-1: Ball 3-1: Foul Ball, location: 2F 3-2: Strikes out looking
|
|
Batting: RHB Bryce Hickman
|
0-0: Called Strike 0-1: Ball 1-1: Foul Ball, location: 2F 1-2: Ball 2-2: Ball 3-2: Foul Ball, location: 2F 3-2: Foul Ball, location: 2F 3-2: SOLO HOME RUN (Flyball, 78XD, EV 98.8 MPH), Distance : 413 ft
|
|
Batting: LHB Javy Rueda
|
0-0: Called Strike 0-1: Ball 1-1: SINGLE (Line Drive, 56D, EV 98.1 MPH)
|
|
Batting: RHB Rade Mamula
|
0-0: Called Strike 0-1: Ball 1-1: Ball 2-1: Ball 3-1: Swinging Strike 3-2: Strikes out swinging
|
|
Batting: RHB Chris Tatum
|
0-0: Called Strike 0-1: Foul Ball, location: 2F 0-2: Ball 1-2: Strikes out swinging
|
| Top of the 3rd over - 1 run, 2 hits, 0 errors, 1 left on base; Colorado 1 - Houston 3 |
| BOTTOM OF THE 3RD |
|
Houston Colt .45's batting - Pitching for Colorado Avalanche : RHP Diego Arredondo
|
|
Batting: RHB Josh Reisner
|
0-0: Called Strike 0-1: Ball 1-1: Foul Ball, location: 2F 1-2: SINGLE (Groundball, 34D, EV 101.2 MPH)
|
|
Batting: RHB Tim Williams
|
0-0: Ball 1-0: Foul Ball, location: 2F 1-1: Ball 2-1: Ball 3-1: Base on Balls Josh Reisner to second
|
|
Batting: RHB Jamie Walker
|
0-0: Ball 1-0: Swinging Strike 1-1: Ball 2-1: SINGLE (Flyball, 56D, EV 88.8 MPH) Josh Reisner to third Tim Williams to second
|
|
Batting: LHB Casper Significant
|
0-0: Foul Ball, location: 2F 0-1: Foul Ball, location: 2F 0-2: Strikes out swinging
|
|
Pitching: RHP Keith Giarratano
|
|
|
Batting: RHB Kenny Beall
|
0-0: Fielders Choice at 2nd, 5-4 (Groundball, 56S, EV 87.5 MPH) Josh Reisner scores Tim Williams to third
|
|
Batting: LHB Bert Middleton
|
0-0: Swinging Strike 0-1: Fly out, F7 (Flyball, 7S, EV 95.0 MPH)
|
| Bottom of the 3rd over - 1 run, 2 hits, 0 errors, 2 left on base; Colorado 1 - Houston 4 |
| TOP OF THE 4TH |
|
Colorado Avalanche batting - Pitching for Houston Colt .45's : LHP Frank Vazquez
|
|
Batting: RHB Eric Delgado
|
0-0: Ball 1-0: Ball 2-0: Ball 3-0: Base on Balls
|
|
Batting: SHB Joan Coucieiro
|
0-0: Ball 1-0: Ball 2-0: Called Strike 2-1: Ball 3-1: Swinging Strike 3-2: SINGLE (Line Drive, 9S, EV 93.1 MPH) Eric Delgado to second Eric Delgado to third
|
|
Batting: RHB Luis Mendoza
|
0-0: Ball 1-0: Ball 2-0: Called Strike 2-1: Called Strike 2-2: Fielders Choice at 2nd, 4-6 (Groundball, 4, EV 80.0 MPH) Eric Delgado scores
|
|
Batting: LHB Brian Canny
|
0-0: SINGLE (Groundball, 4MD, EV 101.2 MPH) Luis Mendoza to second Runner from 2nd tries for 3rd, SAFE, throw by CF made to third
|
|
Batting: RHB Alex Valadez
|
0-0: Ball 1-0: Ball 2-0: Foul Ball, location: 2F 2-1: Swinging Strike 2-2: Ball 3-2: Strikes out swinging
|
|
Batting: RHB Bryce Hickman
|
0-0: Called Strike 0-1: Ball 1-1: Called Strike 1-2: Ground out 1-3 (Groundball, 15S, EV 67.5 MPH)
|
| Top of the 4th over - 1 run, 2 hits, 0 errors, 2 left on base; Colorado 2 - Houston 4 |
| BOTTOM OF THE 4TH |
|
Houston Colt .45's batting - Pitching for Colorado Avalanche : RHP Keith Giarratano
|
|
Batting: RHB Patrick Pinault
|
0-0: Ball 1-0: Ball 2-0: Ball 3-0: Base on Balls
|
|
Batting: LHB Ryan Fridley
|
0-0: Ball Patrick Pinault steals 2nd, throwing error, E2 Patrick Pinault to third 1-0: Foul Ball, location: 2F 1-1: Ball 2-1: Ball 3-1: Base on Balls
|
|
Batting: LHB Vecdi Hodensack
|
0-0: Ball Ryan Fridley steals 2nd base 1-0: Foul Ball, location: 2F 1-1: Called Strike 1-2: Ball 2-2: Ball 3-2: Foul Ball, location: 2F 3-2: Fly out, F9 (Line Drive, 9, EV 89.4 MPH) Runner from 3rd tags up, SCORES, throw by RF Ryan Fridley to third
|
|
Batting: RHB Josh Reisner
|
0-0: SINGLE (Line Drive, 4D, EV 112.5 MPH) Ryan Fridley scores
|
|
Batting: RHB Tim Williams
|
0-0: Called Strike 0-1: Foul Ball, location: 2F Balk! Josh Reisner to second 0-2: Hit by Pitch
|
|
Batting: RHB Jamie Walker
|
0-0: Ball 1-0: Ball 2-0: Swinging Strike 2-1: Ball 3-1: Base on Balls Josh Reisner to third Tim Williams to second
|
|
Batting: LHB Casper Significant
|
0-0: Ball 1-0: Fly out, F6 (Popup, 6MD, EV 50.6 MPH)
|
|
Batting: RHB Kenny Beall
|
0-0: Ball 1-0: Called Strike 1-1: Ball 2-1: Swinging Strike 2-2: Foul Ball, location: 2F 2-2: Strikes out looking
|
| Bottom of the 4th over - 2 runs, 1 hit, 1 error, 3 left on base; Colorado 2 - Houston 6 |
| TOP OF THE 5TH |
|
Colorado Avalanche batting - Pitching for Houston Colt .45's : LHP Frank Vazquez
|
|
Batting: LHB Javy Rueda
|
0-0: Called Strike 0-1: Ball 1-1: Called Strike 1-2: Ball 2-2: Strikes out looking
|
|
Batting: RHB Rade Mamula
|
0-0: Ball 1-0: Fly out, F7 (Line Drive, 7S, EV 90.6 MPH)
|
|
Batting: RHB Chris Tatum
|
0-0: Foul Ball, location: 2F 0-1: Foul Ball, location: 2F 0-2: Ball 1-2: Ball 2-2: Strikes out swinging
|
| Top of the 5th over - 0 runs, 0 hits, 0 errors, 0 left on base; Colorado 2 - Houston 6 |
| BOTTOM OF THE 5TH |
|
Houston Colt .45's batting - Pitching for Colorado Avalanche : RHP Keith Giarratano
|
|
Batting: LHB Bert Middleton
|
0-0: Called Strike 0-1: Ball 1-1: Called Strike 1-2: Foul Ball, location: 2F 1-2: Reached on error, E4 (Groundball, 4, EV 99.4 MPH)
|
|
Batting: RHB Patrick Pinault
|
0-0: Ball 1-0: Ball 2-0: Foul Ball, location: 2F 2-1: Single, Error in OF, E8, batter to second base (Line Drive, 6MD, EV 105.6 MPH) Bert Middleton scores
|
|
Batting: LHB Ryan Fridley
|
0-0: Called Strike 0-1: Ball 1-1: Fly out, F8 (Flyball, 78M, EV 89.4 MPH)
|
|
Batting: LHB Vecdi Hodensack
|
0-0: Called Strike 0-1: Ball 1-1: Fly out, F7 (Flyball, 7S, EV 81.2 MPH)
|
|
Batting: RHB Josh Reisner
|
0-0: Hit by Pitch
|
|
Batting: RHB Tim Williams
|
0-0: Ball 1-0: Swinging Strike 1-1: Foul Ball, location: 2F 1-2: 3-RUN HOME RUN (Flyball, 9D, EV 95.6 MPH), Distance : 357 ft
|
|
Batting: RHB Jamie Walker
|
0-0: Ground out 4-3 (Groundball, 34, EV 108.1 MPH)
|
| Bottom of the 5th over - 4 runs, 2 hits, 2 errors, 0 left on base; Colorado 2 - Houston 10 |
| TOP OF THE 6TH |
|
Colorado Avalanche batting - Pitching for Houston Colt .45's : LHP Frank Vazquez
|
|
Batting: RHB Eric Delgado
|
0-0: Ball 1-0: Called Strike 1-1: Foul Ball, location: 2F 1-2: SINGLE (Groundball, 25, EV 74.4 MPH) (infield hit)
|
|
Batting: SHB Joan Coucieiro
|
0-0: Swinging Strike 0-1: Foul Ball, location: 2F 0-2: Ball 1-2: Foul Ball, location: 2F 1-2: Ball 2-2: Strikes out swinging
|
|
Batting: RHB Luis Mendoza
|
0-0: Fielders Choice at 2nd, 3-6 (Groundball, 34, EV 76.2 MPH)
|
|
Batting: LHB Brian Canny
|
0-0: Called Strike 0-1: Ball 1-1: Ground out 4-3 (Groundball, 4, EV 98.8 MPH)
|
| Top of the 6th over - 0 runs, 1 hit, 0 errors, 1 left on base; Colorado 2 - Houston 10 |
| BOTTOM OF THE 6TH |
|
Houston Colt .45's batting - Pitching for Colorado Avalanche : RHP Keith Giarratano
|
|
Batting: LHB Casper Significant
|
0-0: Ground out 6-3 (Groundball, 6, EV 87.5 MPH)
|
|
Batting: RHB Kenny Beall
|
0-0: SINGLE (Flyball, 78S, EV 96.9 MPH)
|
|
Batting: LHB Bert Middleton
|
0-0: Ball 1-0: SINGLE (Groundball, 4MD, EV 106.9 MPH) Kenny Beall to second
|
|
Pitching: RHP Jack Stadner
|
|
|
Batting: RHB Patrick Pinault
|
0-0: Called Strike 0-1: Ball 1-1: Ball 2-1: Foul Ball, location: 2F 2-2: Fly out, F7 (Flyball, 7, EV 81.2 MPH)
|
|
Batting: LHB Ryan Fridley
|
0-0: Called Strike 0-1: Ball 1-1: Called Strike 1-2: Ball 2-2: Ball 3-2: Base on Balls Kenny Beall to third Bert Middleton to second
|
|
Batting: LHB Vecdi Hodensack
|
0-0: Ball 1-0: Called Strike 1-1: Swinging Strike 1-2: Ball 2-2: Fly out, F8 (Line Drive, 8LM, EV 88.1 MPH)
|
| Bottom of the 6th over - 0 runs, 2 hits, 0 errors, 3 left on base; Colorado 2 - Houston 10 |
| TOP OF THE 7TH |
|
Colorado Avalanche batting - Pitching for Houston Colt .45's : LHP Frank Vazquez
|
|
Batting: RHB Alex Valadez
|
0-0: Ball 1-0: Foul Ball, location: 2F 1-1: Swinging Strike 1-2: Foul Ball, location: 2F 1-2: Ball 2-2: Foul Ball, location: 2F 2-2: Strikes out looking
|
|
Batting: RHB Bryce Hickman
|
0-0: Ball 1-0: Ball 2-0: Ball 3-0: Base on Balls
|
|
Pitching: RHP Rory Mozer
|
|
|
Batting: LHB Javy Rueda
|
0-0: Ball 1-0: Called Strike 1-1: Swinging Strike 1-2: Ball 2-2: 2-RUN HOME RUN (Flyball, 89XD, EV 108.1 MPH), Distance : 412 ft
|
|
Batting: RHB Rade Mamula
|
0-0: Ball 1-0: Called Strike 1-1: Foul Ball, location: 2F 1-2: Fly out, F7 (Flyball, 78M, EV 93.1 MPH)
|
|
Batting: RHB Chris Tatum
|
0-0: Swinging Strike 0-1: Swinging Strike 0-2: Strikes out swinging
|
| Top of the 7th over - 2 runs, 1 hit, 0 errors, 0 left on base; Colorado 4 - Houston 10 |
| BOTTOM OF THE 7TH |
|
Houston Colt .45's batting - Pitching for Colorado Avalanche : RHP Jack Stadner
|
|
Batting: RHB Josh Reisner
|
0-0: Called Strike 0-1: Hit by Pitch
|
|
Batting: RHB Tim Williams
|
0-0: Ball 1-0: Fly out, F8 (Line Drive, 8RM, EV 100.6 MPH)
|
|
Batting: RHB Jamie Walker
|
0-0: Called Strike 0-1: Ball 1-1: Hit by Pitch Josh Reisner to second
|
|
Batting: LHB Casper Significant
|
0-0: Ball 1-0: Ball 2-0: Called Strike 2-1: Ball 3-1: Swinging Strike 3-2: Strikes out looking
|
|
Batting: RHB Kenny Beall
|
0-0: Swinging Strike 0-1: Foul Ball, location: 2F 0-2: Strikes out looking
|
| Bottom of the 7th over - 0 runs, 0 hits, 0 errors, 2 left on base; Colorado 4 - Houston 10 |
| TOP OF THE 8TH |
|
Colorado Avalanche batting - Pitching for Houston Colt .45's : RHP Rory Mozer
|
|
Batting: RHB Eric Delgado
|
0-0: Called Strike 0-1: Foul Ball, location: 2F 0-2: Fly out, F5 (Popup, 5D, EV 56.9 MPH)
|
|
Batting: SHB Joan Coucieiro
|
0-0: Ball 1-0: Foul Ball, location: 2F 1-1: Fly out, F7 (Flyball, 78S, EV 92.5 MPH)
|
|
Batting: RHB Luis Mendoza
|
0-0: Ball 1-0: Ball 2-0: Ground out 6-3 (Groundball, 6, EV 85.0 MPH)
|
| Top of the 8th over - 0 runs, 0 hits, 0 errors, 0 left on base; Colorado 4 - Houston 10 |
| BOTTOM OF THE 8TH |
|
Houston Colt .45's batting - Pitching for Colorado Avalanche : RHP Jack Stadner
|
|
Batting: LHB Bert Middleton
|
0-0: Swinging Strike 0-1: Called Strike 0-2: Strikes out looking
|
|
Batting: RHB Patrick Pinault
|
0-0: Ball 1-0: Called Strike 1-1: Called Strike 1-2: Fly out, F1 (Line Drive, P, EV 67.5 MPH)
|
|
Batting: LHB Ryan Fridley
|
0-0: Called Strike 0-1: Swinging Strike 0-2: Ball 1-2: DOUBLE (Groundball, 3L, EV 106.9 MPH)
|
|
Batting: LHB Vecdi Hodensack
|
0-0: Called Strike 0-1: Ball 1-1: Ball 2-1: 2-RUN HOME RUN (Flyball, 89XD, EV 102.5 MPH), Distance : 415 ft
|
|
Batting: RHB Josh Reisner
|
0-0: Ball 1-0: Called Strike 1-1: Swinging Strike 1-2: Strikes out swinging
|
| Bottom of the 8th over - 2 runs, 2 hits, 0 errors, 0 left on base; Colorado 4 - Houston 12 |
| TOP OF THE 9TH |
|
Colorado Avalanche batting - Pitching for Houston Colt .45's : RHP Rory Mozer
|
|
Pitching: RHP Kenyu Tanaka
|
|
|
Batting: LHB Brian Canny
|
0-0: Foul Ball, location: 2F 0-1: Foul Ball, location: 2F 0-2: Strikes out swinging, 2-3 out at first.
|
|
Batting: RHB Alex Valadez
|
0-0: Ball 1-0: Foul Ball, location: 2F 1-1: Foul Ball, location: 2F 1-2: Foul Ball, location: 2F 1-2: Ball 2-2: Ball 3-2: Fly out, F7 (Flyball, 78D, EV 94.4 MPH)
|
|
Batting: RHB Bryce Hickman
|
0-0: Ball 1-0: Foul Ball, location: 2F 1-1: Fly out, F8 (Flyball, 8LD, EV 95.0 MPH)
|
| Top of the 9th over - 0 runs, 0 hits, 0 errors, 0 left on base; Colorado 4 - Houston 12 |
|